 Dungeon Crawl Stone Soup version 0.31-a0-1626-g5cb510d322 (webtiles) character file.

Game seed: 5967939222559032129

9 Malachi the Trooper (level 2, 0/32 HPs)
             Began as an Oni Berserker on Jan 12, 2024.
             Was a Follower of Trog.
             Slain by a quokka (2 damage)
             ... on level 1 of the Dungeon.
             The game lasted 00:00:17 (43 turns).

Malachi the Trooper (Oni Berserker)                   Turns: 43, Time: 00:00:18

Health: 0/32       AC:  3    Str: 20    XL:     2   Next: 12%
Magic:  2/2        EV: 10    Int:  8    God:    Trog [*.....]
Gold:   0          SH:  0    Dex:  8    Spells: 1/1 levels left

rFire   . . .        a - +0 mace
rCold   . . .        (no shield)
rNeg    . . .        b - +0 animal skin
rPois   .            (helmet restricted)
rElec   .            (no cloak)
rCorr   .            (gloves unavailable)
SInv    .            (boots unavailable)
Will    .....        (no amulet)
Stlth   +            (no ring)
HPRegen 0.25/turn    (no ring)
MPRegen 0.08/turn

%: no passive effects
@: on berserk cooldown, slowed, very slow
A: large, unfitting armour, horns 1, tough skin 1, double potion healing,
drunken brawling
a: Renounce Religion, Berserk


You were on level 1 of the Dungeon.
You worshipped Trog.
Trog was aware of your devotion.
You visited 1 branch of the dungeon, and saw 1 of its levels.

Inventory:

Hand Weapons
 a - a +0 mace (weapon)
Armour
 b - a +0 animal skin (worn)


   Skills:
 + Level 4.2 Fighting
 + Level 3.2 Maces & Flails
 + Level 2.9 Dodging


You had one spell level left.
You didn't know any spells.
Your spell library was empty.

Dungeon Overview and Level Annotations

Branches:
Dungeon (1/15)

Altars:


Innate Abilities, Weirdness & Mutations

You are too large for most types of armour.
You have a pair of small horns on your head.
You have tough skin. (AC +1)
You gain doubled healing and magic from potions.
Whenever you drink a healing potion, you attack all around you.


Message History

The jackal barely misses you. The jackal bites you.
The kobold throws a stone.
The stone barely misses you. The jackal bites you.
You hit the jackal but do no damage. Your headbutt misses the jackal.
The jackal is almost dead.
The jackal barely misses you. The jackal bites you.
* * * LOW HITPOINT WARNING * * *
You hit the jackal.
You kill the jackal!
Trog accepts your kill. The giant cockroach closely misses you.
The kobold throws a stone.
The stone misses you.
You have reached level 2!
You aren't carrying any potions.
You hit the giant cockroach.
You kill the giant cockroach!
Trog accepts your kill. The quokka barely misses you.
You hit the quokka. Your headbutt misses the quokka.
The quokka is moderately wounded.
The quokka bites you.
* * * LOW HITPOINT WARNING * * *
The quokka bites you but does no damage.
You miss the quokka.
The quokka is moderately wounded.
The quokka bites you.
* * * LOW HITPOINT WARNING * * *
The quokka bites you.
* * * LOW HITPOINT WARNING * * *
The kobold throws a stone.
The stone closely misses you.
You hit the quokka but do no damage.
The quokka is moderately wounded.
The quokka bites you but does no damage.
The kobold throws a stone.
The stone hits you but does no damage. The quokka bites you.
* * * LOW HITPOINT WARNING * * *
The quokka barely misses you.
You barely miss the quokka. Your headbutt misses the quokka.
The quokka is moderately wounded.
The quokka bites you.
You die...

.... ..≈≈≈≈≈≈~≈≈≈≈≈##
...# .≈≈≈≈≈≈≈~≈≈≈≈≈≈###
...# ≈≈≈8≈≈≈≈≈~≈≈8≈≈≈.
...# ≈≈≈≈≈≈≈≈≈≈~≈≈≈≈≈#
...#
≈≈≈≈...≈≈≈~≈≈≈≈≈###...#
.≈≈.≈≈≈.≈≈~≈≈≈≈≈##†.g(#
≈..≈≈≈≈.>~≈≈≈≈≈≈##†##.###
≈≈≈≈≈≈~<.≈≈≈≈.@≈KK......#
≈≈≈≈≈~≈≈.≈≈≈.≈≈rKg....#.#
≈≈≈≈≈~≈≈≈...≈≈≈≈K#.##.#
≈≈≈≈≈~≈≈≈≈≈≈≈≈≈≈##....#
≈≈≈8≈≈~≈≈≈≈≈8≈≈≈##.#..#
#≈≈≈≈≈≈~≈≈≈≈≈≈≈.##......
##≈≈≈≈≈~≈≈≈≈≈≈#..... ...
##≈≈≈~≈≈≈≈≈≈#######.###
###.####.###


You could see a quokka, a goblin and 4 kobolds.

Vanquished Creatures
  2 giant cockroaches (D:1)
  4 jackals (D:1)
  A rat (D:1)
7 creatures vanquished.

Notes
Turn   | Place    | Note
-------+----------+-------------------------------------------
     0 | D:1      | Malachi the Oni Berserker began the quest for the Orb.
     0 | D:1      | Reached XP level 1. HP: 24/24 MP: 1/1
    39 | D:1      | Reached XP level 2. HP: 9/32 MP: 2/2
    42 | D:1      | HP: 1/32 [quokka (1)]
    43 | D:1      | Slain by a quokka

Illustrated notes

Levels and vault maps discovered:
D:1:      nzn_arrival_water_spiral, layout_loops_cross

Action                     || total
---------------------------++-------
  Melee: Mace              ||    26
 Invoke: Berserk           ||     1
 Armour: Animal skin       ||    48
  Dodge: Dodged            ||    48

Table legend: (Time is in decaauts)
 A = Elapsed time spent in this place.
 B = Non-inter-level travel time spent in this place.
 C = Inter-level travel time spent in this place.
 D = Time resting spent in this place.
 E = Time spent auto-exploring this place.
 F = Levels seen in this place.
 G = Mean time per level.
                   A        B        C        D        E       F      G
               +--------+--------+--------+--------+--------+-----+--------+
         Total |     51 |     51 |      0 |      0 |      8 |   1 |   51.0 |
       Dungeon |     51 |     51 |      0 |      0 |      8 |   1 |   51.0 |
               +--------+--------+--------+--------+--------+-----+--------+

Top non-repeatable levels by time:
     D:1: 51 daAuts
